Map: Deathaura LE

Players

Krystianer - Winner!

  • Race: Protoss Protoss
  • League: Master
  • Spawn Location: 5:00

A.I. 1 (Very Easy)

  • Race: Terran Terran
  • Spawn Location: 11:00

VOD

Have the link to the VOD?

Description

Time

  • Played on: July 24, 2020, 9:26 a.m.
  • Length: 9:45
Show
View Real Time Build Order
Export as new Build Order

Krystianer Protoss - Winner!

Build Orders: 1 Gate Expand, Colossus Rush 

Get SALT Encoding   

  12  0:01  Probe  
  13  0:13  Probe  
  14  0:18  Pylon  
  14  0:25  Probe  
  15  0:33  Probe  
  15  0:39  Gateway  
  15  0:41  Probe  
  16  0:47  Assimilator  
  17  0:52  Probe  
  19  1:04  Probe  
  19  1:16  Probe  
  20  1:22  Nexus  
  20  1:33  Cybernetics Core  
  20  1:34  Probe  
  20  1:39  Assimilator  
  21  1:47  Probe  
  22  1:49  Pylon  
  22  1:59  Probe  
  22  2:00  Adept  
  23  2:11  Probe  
  23  2:14  Robotics Facility  
  26  2:18  Warp Gate  
  26  2:23  Probe  
  27  2:30  Probe, Stalker  
  27  2:31  Probe  
  31  2:38  Probe  
  31  2:39  Probe  
  33  2:49  Probe x2  
  35  3:01  Probe, Robotics Bay  
  35  3:02  Probe  
  37  3:10  Warp Prism  
  39  3:14  Probe  
  39  3:15  Probe  
  41  3:22  Gateway  
  41  3:26  Probe  
  43  3:27  Probe  
  43  3:29  Pylon  
  43  3:31  Colossus  
  43  3:38  Probe  
  43  3:39  Probe  
  43  3:41  Assimilator  
  45  3:51  Pylon  
  45  3:52  Probe x2  
  53  3:56  Pylon  
  53  4:06  Probe  
  53  4:09  Probe  
  55  4:13  Gravitic Drive  
  55  4:14  Pylon  
  55  4:20  Nexus  
  55  4:22  Probe, Observer  
  55  4:24  Probe  
  58  4:33  Probe  
  58  4:36  Twilight Council, Probe  
  58  4:38  Forge  
  60  4:40  Sentry  
  60  4:43  Probe  
  62  4:47  Gateway  
  62  4:50  Gateway  
  62  4:51  Probe  
  64  4:53  Probe  
  64  4:59  Protoss Ground Armor Level 1  
  65  5:03  Charge  
  65  5:04  Probe  
  65  5:05  Gateway x2  
  66  5:10  Probe  
  67  5:21  Immortal  
  67  5:23  Probe x2  
  67  5:24  Templar Archives  
  71  5:32  Probe  
  74  5:39  Gateway  
  74  5:40  Gateway  
  74  5:42  Probe x2  
  76  5:45  Pylon  
  76  5:50  Zealot x3, Colossus  
  76  5:55  Pylon  
  86  6:09  Pylon  
  88  6:15  Extended Thermal Lance  
  88  6:20  Probe  
  88  6:21  Pylon  
  88  6:24  Zealot  
  88  6:25  Zealot x5  
  101  6:32  Pylon  
  101  6:36  Zealot  
  103  6:47  Stalker x5  
  105  6:48  Zealot x2  
  105  6:51  Protoss Ground Weapons Level 1  
  117  6:55  Pylon  
  117  7:09  Nexus  
  117  7:11  Pylon  
  117  7:16  Zealot x8  
  117  7:18  Probe  
  134  7:26  Pylon  
  134  7:28  Pylon  
  134  7:38  Zealot x7  
  148  7:50  Psionic Storm  
  148  7:52  Probe x2  
  148  7:53  Probe  
  148  7:57  Disruptor  
  151  8:04  Robotics Facility  
  151  8:05  Probe  
  152  8:06  Assimilator  
  152  8:09  Assimilator  
  152  8:11  Zealot  
  157  8:12  High Templar  
  157  8:13  Pylon  
  157  8:15  Pylon  
  157  8:17  Probe x2, Pylon  
  157  8:19  Pylon, Gateway  
  161  8:21  Probe  
  161  8:24  Gateway  
  161  8:26  Probe  
  163  8:29  Probe  
  163  8:30  High Templar  
  163  8:31  Zealot x4  
  174  8:36  Probe  
  175  8:43  Forge  
  175  8:46  Probe  
  176  8:54  High Templar x2  
  180  8:55  Zealot  
  180  8:56  Zealot x4  
  190  9:04  Zealot  
  192  9:13  Probe x2  
  194  9:17  Nexus  
  194  9:18  Zealot x3, Pylon  
  200  9:34  Assimilator  
  200  9:36  Assimilator  
  200  9:39  Pylon  
Show
View Real Time Build Order
Export as new Build Order

A.I. 1 (Very Easy) Terran 

Build Orders:  

Get SALT Encoding   

  12  0:00  SCV  
  13  0:13  SCV  
  14  0:19  Supply Depot  
  14  0:37  Refinery  
  14  0:43  Barracks  
  14  1:03  Supply Depot  
  14  1:12  Refinery  
  14  1:29  Orbital Command  
  14  1:30  Marine  
  15  1:49  Barracks Tech Lab  
  15  1:55  SCV  
  16  2:07  SCV  
  17  2:15  Marine  
  17  2:19  SCV  
  19  2:31  SCV  
  20  2:43  SCV  
  21  2:55  SCV  
  22  3:01  Marauder  
  24  5:09  SCV  
  24  6:38  SCV  
  24  6:40  Marine  
  24  6:41  Supply Depot  
  24  6:44  Factory  
  24  6:45  Command Center  
  25  7:03  SCV  
  25  7:05  Supply Depot  
  26  7:09  Marauder  
  26  7:15  SCV  
  29  7:29  Starport  
  29  7:36  SCV  
  28  7:38  Hellion  
  3  8:06  Hellion  
  5  8:19  Barracks Tech Lab  
  5  8:37  Marine, Command Center  
  6  9:09  Marine  
Tags
 
League
Master
Matchup
PvT
Spawn Locations
Cross Positions
Add a new tag
Caveats
  • Supply blocks, unpowered buildings, or Contaminate may cause inaccurate times.
  • Supply counts are checked every 10 seconds.